 Dungeon Crawl Stone Soup version 0.28-a0-474-g535839065c (webtiles) character file.

Game seed: 7803351328424891267

5775 dduke234 the Basher (level 10, 0/57 HPs)
             Began as a Gargoyle Fighter on Sept 15, 2021.
             Was an Elder of Hepliaklqana.
             Slain by a bullfrog (2 damage)
             ... on level 1 of the Lair of Beasts.
             The game lasted 00:16:25 (9054 turns).

dduke234 the Basher (Gargoyle Fighter)              Turns: 9054, Time: 00:16:26

Health: 0/57       AC: 20    Str: 32    XL:     10   Next: 78%
Magic:  6/10       EV: 11    Int:  9    God:    Hepliaklqana [****..]
Gold:   713        SH:  5    Dex:  9    Spells: 9/9 levels left

rFire   . . .      SeeInvis +   a - +0 flail (freeze)
rCold   . . .      Faith    .   c - +0 buckler
rNeg    + . .      Spirit   .   b - +2 scale mail
rPois   ∞          Reflect  .   (no helmet)
rElec   +          Harm     .   (no cloak)
rCorr   +          Rampage  .   A - +0 pair of gloves {Str+3}
Will    .....                   (no boots)
Stlth   ..........              (no amulet)
HPRegen 0.19/turn               e - +6 ring of strength
MPRegen 0.12/turn               s - ring "Judes" {rElec rCorr Slay+4 SInv}

@: mighty, hasted, very quick
A: reduced essence, sickness immunity, AC +7, negative energy resistance 1,
electricity resistance, torment resistance 1, petrification resistance,
iridescent scales 1
a: Renounce Religion, Recall Ancestor, Ancestor Identity, Transference, Idealise


You were on level 1 of the Lair of Beasts.
You worshipped Hepliaklqana.
Hepliaklqana was greatly pleased with you.
You visited 3 branches of the dungeon, and saw 11 of its levels.
You also visited: Ossuary.

You collected 713 gold pieces.

Inventory:

Hand Weapons
 a - a +0 flail of freezing (weapon)
Armour
 b - a +2 scale mail (worn)
 c - a +0 buckler (worn)
 A - a +0 pair of gloves of strength (worn)
Jewellery
 e - a +6 ring of strength (left hand)
 q - a ring of see invisible
 s - the ring "Judes" (right hand) {rElec rCorr Slay+4 SInv}
   (You acquired it on level 5 of the Dungeon)

   [ring of slaying]

   Slay:      It affects your accuracy & damage with ranged weapons and melee
   (+4).
   rElec:     It insulates you from electricity.
   SInv:      It lets you see invisible.
   rCorr:     It protects you from acid and corrosion.
 x - a +6 ring of strength
 y - a ring of protection from fire
 E - a +4 ring of evasion
Wands
 d - a wand of digging (5)
 i - a wand of iceblast (8)
 j - a wand of polymorph (5)
 l - a wand of flame (11)
 C - a wand of mindburst (8)
Scrolls
 f - a scroll of enchant armour
 m - 4 scrolls of blinking
 n - a scroll of identify
 t - 2 scrolls of magic mapping
 w - a scroll of fog
 B - a scroll of teleportation
 D - a scroll of silence
Potions
 g - 2 potions of lignification
 h - 4 potions of haste
 k - 4 potions of flight
 o - a potion of magic
 p - 3 potions of attraction
 u - 2 potions of ambrosia
 v - a potion of might


   Skills:
 * Level 7.7 Fighting
 * Level 10.4 Maces & Flails
 * Level 8.7 Armour
 + Level 2.9 Dodging
 + Level 2.4 Stealth
 * Level 6.8 Shields
 + Level 0.6 Invocations


You had 9 spell levels left.
You didn't know any spells.
Your spell library contained the following spells:

 Spells                   Type           Power      Damage    Failure   Level
 Magic Dart               Conj           0%         1d3       58%         1
 Call Imp                 Summ           0%         N/A       73%         2
 Slow                     Hex            0%         N/A       73%         2
 Confusing Touch          Hex            0%         N/A       91%         3
 Mephitic Cloud           Conj/Pois/Air  0%         N/A       91%         3
 Tukima's Dance           Hex            0%         N/A       91%         3
 Passage of Golubria      Tloc           N/A        N/A       100%        4
 Yara's Violent Unravell  Hex/Tmut       0%         3d3       100%        5


Dungeon Overview and Level Annotations

Branches:
Dungeon (9/15)             Temple (1/1) D:7            Lair (1/6) D:9
Ossuary (visited)
    Orc: D:9-12

Altars:
Ashenzari
Cheibriados
Dithmenos
Elyvilon
Fedhas
Gozag
Hepliaklqana
Kikubaaqudgha
Makhleb
Okawaru
Qazlal
Ru
Sif Muna
Wu Jian
Xom
Yredelemnul
Zin

Shops:
D:4 *


Innate Abilities, Weirdness & Mutations

Your life essence is reduced to manifest your ancestor. (-10% HP)
You are immune to sickness and miasma.
Your stone body is resilient. (AC +7)
You are immune to poison.
You resist negative energy. (rN+)
You are resistant to electric shocks. (rElec)
You are resistant to unholy torment.
You are immune to petrification.
You are partially covered in iridescent scales. (AC +2)


Message History

The bullfrog hits you but does no damage.
The wolf bites you but does no damage.
The yak gores Zayda!
The yak closely misses Zayda.
Zayda casts a spell at the yak.
The puff of frost hits the yak!
The wolf bites you but does no damage.
The wolf barely misses Zayda.
The wolf bites you but does no damage. The wolf bites you!
* * * LOW HITPOINT WARNING * * *
A wolf comes into view.
The wolf pauses to sniff the ground.
The wolf bites you but does no damage.
The bullfrog hits you but does no damage.
You feel very mighty all of a sudden. The wolf barely misses you.
The wolf misses you. x2
The wolf bites you but does no damage. The wolf bites you.
* * * LOW HITPOINT WARNING * * *
The yak gores Zayda. x2
Zayda points at the yak and mumbles some strange words.
The stone arrow hits the yak!
The wolf misses you. The bullfrog completely misses you.
Unknown command.
Okay, then.
You closely miss the wolf. The wolf barely misses you.
A wolf comes into view.
The wolf bites Zayda.
The wolf barely misses you. The wolf bites you.
* * * LOW HITPOINT WARNING * * *
The wolf bites Zayda!
Zayda is destroyed!
The wolf bites you but does no damage.
The bullfrog hits you but does no damage.
You hit the wolf. You freeze the wolf.
The wolf is lightly wounded.
The wolf bites you but does no damage. The wolf closely misses you.
The wolf bites you.
* * * LOW HITPOINT WARNING * * *
The wolf bites you but does no damage. x2; You block the wolf's attack.
You completely miss the yak.
The yak is severely wounded.
The wolf barely misses you. The bullfrog hits you.
You die...

#P#### ...
#.......P. ##....
... P #..... ..
.# #.. #.#.##.#
..♣
....#....#.##....
.......<.Yh....♣.
........FYhYY.h..
........h@hYhh...
........hhhhh....
.........hhh♣..:.
...######........
... ###...... ..
...... .....8
......


You could see 5 yaks, 15 wolves and a bullfrog.

Vanquished Creatures
  A wyvern (D:9)
  5 yaks (D:8)
  An orc warrior (D:9)
  A hornet zombie (D:7)
  An ice beast (D:7)
  2 ogres (D:6)
  2 phantoms
  A centaur (D:5)
  3 bullfrogs
  Blork the orc (D:5)
  A wyvern zombie (D:5)
  A gnoll sergeant (D:8)
  6 scorpions
  4 wights (D:6)
  3 hounds
  2 jellies
  2 centaur skeletons
  2 iguanas
  Natasha (D:3)
  3 orc wizards (D:8)
  A hound skeleton (D:5)
  3 mummies (Ossuary)
  A howler monkey zombie (D:5)
  4 gnolls
  3 adders (D:2)
  A shadow imp (D:4)
  A white imp (D:5)
  An adder zombie (D:5)
  2 worms (D:2)
  3 dart slugs
  4 orcs
  5 bats
  5 endoplasms
  2 giant cockroaches
  A gnoll zombie (Ossuary)
  6 goblins
  3 hobgoblins
  2 jackals (D:4)
  2 ball pythons (D:2)
  A frilled lizard (D:1)
  A hobgoblin zombie (D:4)
  A kobold zombie (Ossuary)
  2 orc zombies (Ossuary)
  6 rats
104 creatures vanquished.

Vanquished Creatures (collateral kills)
  A two-headed ogre (D:9)
  Maurice (D:8)
  Joseph (D:9)
  Eustachio (D:5)
  A yak (D:8)
  Menkaure (D:7)
  Edmund (D:5)
  3 black bears
  An orc warrior (D:9)
  2 wolves (Lair:1)
  A phantom (D:5)
  A wight (D:6)
  2 centaur zombies (D:9)
  A bullfrog zombie (D:7)
  A hound (D:5)
  An orc priest (D:9)
  Natasha (D:3)
  A hound skeleton (D:4)
  6 mummies
  2 gnolls
  A howler monkey skeleton (D:6)
  A howler monkey zombie (D:8)
  3 adders
  A dart slug (D:3)
  5 orcs
  An endoplasm (D:7)
  A goblin (D:4)
  A jackal (D:4)
  A frilled lizard (D:3)
  A gnoll zombie (Ossuary)
  3 hobgoblin zombies (Ossuary)
  A kobold (D:4)
  An orc zombie (D:4)
51 creatures vanquished.

Vanquished Creatures (others)
  4 battlemagi
  3 kobolds (D:9)
  6 fungi (D:9)
  5 plants (D:9)
18 creatures vanquished.

Grand Total: 173 creatures vanquished

Notes
Turn   | Place    | Note
-------+----------+-------------------------------------------
     0 | D:1      | dduke234 the Gargoyle Fighter began the quest for the Orb.
     0 | D:1      | Reached XP level 1. HP: 14/14 MP: 1/1
   231 | D:1      | Reached XP level 2. HP: 19/19 MP: 2/2
   328 | D:1      | You fall into a shaft and drop 1 floor!
   356 | D:2      | Reached XP level 3. HP: 19/23 MP: 3/3
   791 | D:2      | Reached skill level 3 in Maces & Flails
  1020 | D:2      | You fall into a shaft and drop 1 floor!
  1020 | D:3      | Noticed Natasha
  1023 | D:3      | Killed Natasha
  1024 | D:3      | Reached XP level 4. HP: 18/29 MP: 4/4
  1641 | D:1      | Found a faded altar of an unknown god.
  1653 | D:1      | Became a worshipper of Hepliaklqana the Forgotten
  1653 | D:1      | Reached * piety under Hepliaklqana
  2063 | D:3      | Noticed an ice beast
  2377 | D:3      | Noticed Natasha
  2382 | D:3      | Killed Natasha
  2383 | D:3      | Reached XP level 5. HP: 25/29 MP: 5/5
  2596 | D:3      | Reached ** piety under Hepliaklqana
  2597 | D:3      | Remembered your ancestor Zayda as a battlemage
  2802 | D:4      | Noticed a black bear
  2810 | D:4      | Killed a black bear
  2811 | D:4      | Reached skill level 4 in Maces & Flails
  2811 | D:4      | Reached XP level 6. HP: 9/35 MP: 6/6
  3193 | D:4      | Found a sand-covered staircase.
  3198 | Ossuary  | Entered an ossuary
  3609 | D:4      | Reached skill level 5 in Armour
  3630 | D:4      | Found Wyx Pyun's Overcharged Wands.
  3982 | D:5      | Entered Level 5 of the Dungeon
  3982 | D:5      | Noticed Blork the orc
  3987 | D:5      | Killed Blork the orc
  3988 | D:5      | Reached XP level 7. HP: 33/39 MP: 7/7
  4000 | D:5      | Reached skill level 5 in Maces & Flails
  4144 | D:5      | Noticed Eustachio
  4153 | D:5      | Killed Eustachio
  4154 | D:5      | Reached skill level 5 in Fighting
  4154 | D:5      | Reached skill level 1 in Dodging
  4337 | D:5      | Reached skill level 6 in Maces & Flails
  4337 | D:5      | Reached XP level 8. HP: 44/44 MP: 8/8
  4506 | D:5      | Identified a scroll of acquirement
  4506 | D:5      | Acquired the ring "Judes" {rElec rCorr Slay+4 SInv}
  4887 | D:5      | Noticed Edmund
  4889 | D:5      | Killed Edmund
  5079 | D:5      | Reached skill level 5 in Shields
  5096 | D:5      | Reached skill level 7 in Maces & Flails
  5274 | D:6      | Found a burning altar of Makhleb.
  5275 | D:6      | Reached *** piety under Hepliaklqana
  5278 | D:6      | Found a snail-covered altar of Cheibriados.
  5280 | D:6      | Found a broken altar of Ashenzari.
  5291 | D:6      | Found a shadowy altar of Dithmenos.
  5291 | D:6      | Found an ornate altar of the Wu Jian Council.
  5292 | D:6      | Found a white marble altar of Elyvilon.
  5351 | D:6      | Reached XP level 9. HP: 27/49 MP: 9/9
  5379 | D:6      | Reached skill level 8 in Maces & Flails
  6120 | D:6      | Found a stormy altar of Qazlal.
  6447 | D:7      | Noticed Menkaure
  6453 | D:7      | Killed Menkaure
  6526 | D:7      | Found a staircase to the Ecumenical Temple.
  6532 | Temple   | Entered the Ecumenical Temple
  7481 | D:7      | Gained mutation: You are partially covered in iridescent
                  | scales. (AC +2) [potion of mutation]
  7526 | D:8      | Reached **** piety under Hepliaklqana
  7542 | D:8      | Reached skill level 9 in Maces & Flails
  7542 | D:8      | Reached skill level 1 in Stealth
  7562 | D:8      | Reached XP level 10. HP: 31/54 MP: 10/10
  8090 | D:8      | Noticed Maurice
  8093 | D:8      | Killed Maurice
  8464 | D:9      | Noticed Joseph
  8472 | D:9      | Killed Joseph
  8473 | D:9      | Reached skill level 10 in Maces & Flails
  8781 | D:9      | Found a hazy altar of Hepliaklqana.
  8830 | D:9      | Noticed a two-headed ogre
  8836 | D:9      | Killed a two-headed ogre
  9020 | D:9      | Found a staircase to the Lair.
  9040 | Lair:1   | Entered Level 1 of the Lair of Beasts
  9053 | Lair:1   | HP: 1/57 [wolf (2)]
  9054 | Lair:1   | Slain by a bullfrog

Illustrated notes

Levels and vault maps discovered:
D:1:      nzn_arrival_water_spiral, layout_loops_ring,
          dreamdust_ecumenical_altar_grove
D:2:      layout_loops_ring, kennysheep_decorative_pillar
D:3:      layout_loops_ring, roderic_serpentine_path,
          chequers_serial_rivers_small_b, lightli_corner_chamber, uniq_natasha
D:4:      layout_loops_ring, nicolae_ossuary_entry_giza,
          nicolae_shop_overcharged_wands
D:5:      layout_basic, chequers_jeans, kennysheep_opposing_triangles,
          uniq_blork_the_orc, uniq_eustachio, uniq_edmund
D:6:      layout_layer_cave, overflow_temple_1_default,
          grunt_temple_overflow_open, minmay_misc_feat_rows
D:7:      layout_loops_ring, minmay_temple_entry_wispy, uniq_menkaure
D:8:      layout_loops_ring, uniq_maurice
D:9:      lemuel_flame_loot_2, layout_cave_pools,
          worldfamousw_hep_ancestral_shrine, trog_wizard,
          grunt_lair_entry_orc_guard_hut, lightli_fourway_metalbox, uniq_joseph
Temple:   grunt_temple_mini_profane
Lair:1:   layout_regular_city, gammafunk_ghost_wrathful_warriors,
          portal_ice_cave_entry_pillars_2, grunt_forest_large_clearings

Skill      XL: |  1  2  3  4  5  6  7  8  9 10 |
---------------+-------------------------------+-----
Maces & Flails | 3 4 6 7 9 10 | 10.4
Fighting       | 4 5 6 7 |  7.7
Armour         | 4 5 6 8 |  8.7
Shields        | 4 5 6 |  6.8
Dodging        | 1 2 |  2.9
Stealth        | 1 2 |  2.4
Invocations    | |  0.6

Action                   |  1- 3 |  4- 6 |  7- 9 | 10-12 || total
-------------------------+-------+-------+-------+-------++-------
Melee: Flail             |    83 |   101 |   158 |    74 ||   416
Invok: Ancestor Life: Ba |       |     1 |       |       ||     1
       Idealise          |       |       |       |     1 ||     1
       Transference      |       |       |       |     1 ||     1
  Use: Potion            |     1 |     3 |     7 |     7 ||    18
       Scroll            |       |     8 |    10 |       ||    18
 Stab: Distracted        |       |     1 |     2 |     2 ||     5
Armor: Scale mail        |    64 |    56 |    83 |    63 ||   266
       Skin              |       |    13 |    24 |    28 ||    65
Dodge: Dodged            |    47 |    48 |    76 |    61 ||   232
Block: Buckler           |    18 |    24 |    23 |    39 ||   104

Table legend: (Time is in decaauts)
 A = Elapsed time spent in this place.
 B = Non-inter-level travel time spent in this place.
 C = Inter-level travel time spent in this place.
 D = Time resting spent in this place.
 E = Time spent auto-exploring this place.
 F = Levels seen in this place.
 G = Mean time per level.
                   A        B        C        D        E       F      G
               +--------+--------+--------+--------+--------+-----+--------+
         Total |   9105 |   8723 |    382 |      0 |   7554 |  12 |  758.8 |
       Dungeon |   8603 |   8244 |    359 |      0 |   7208 |   9 |  955.9 |
        Temple |    209 |    186 |     23 |      0 |    185 |   1 |  209.0 |
          Lair |     12 |     12 |      0 |      0 |      0 |   1 |   12.0 |
       Ossuary |    280 |    280 |      0 |      0 |    161 |   1 |  280.0 |
               +--------+--------+--------+--------+--------+-----+--------+

Top non-repeatable levels by time:
     D:5: 1242 daAuts
     D:6: 1188 daAuts
     D:2: 1188 daAuts
     D:4: 923 daAuts
     D:8: 918 daAuts
     D:7: 894 daAuts
     D:3: 891 daAuts
     D:1: 748 daAuts
     D:9: 608 daAuts
 Ossuary: 280 daAuts
  Temple: 209 daAuts
  Lair:1: 12 daAuts
